[Event "Late-Titled-Tuesday-Blitz-December-26-2023"]
[Site "Chess.com"]
[Date "2023.12.26"]
[Round "3"]
[White "lucliasco"]
[Black "CarlosjPineror"]
[Result "0-1"]
[WhiteElo "2898"]
[BlackElo "2510"]
[TimeControl "180+1"]
[EndTime "14:29:16 PST"]
[Termination "CarlosjPineror won by resignation"]

1. e4 c5 2. Nc3 e6 3. f4 a6 4. Nf3 Nc6 5. d3 d5 6. Be2 Nf6 7. O-O Be7 8. e5 Ng8 9. Qe1 h5 10. Qg3 g6 11. Ng5 Nh6 12. Bd2 Nf5 13. Qh3 Bxg5 14. fxg5 Ke7 15. Bf4 Ncd4 16. Bd1 b6 17.
Ne2 Nxe2+ 18. Bxe2 Bb7 19. c3 d4 20. c4 a5 21. a3 Qd7 22. b4 axb4 23. axb4 Rxa1 24. Rxa1 Ra8 25. Rxa8 Bxa8 26. bxc5 bxc5 27. g4 hxg4 28. Bxg4 Qb7 29. Bxf5 Qh1+ 30. Kf2 exf5 31. e6 Kxe6 32. Qg3 Qd1 33. h4 Qg4 34. Qh2 Qf3+ 35. Ke1 Bc6 36. Bb8 Qe3+ 37. Qe2 Qxe2+ 38. Kxe2 Ba4 39.
Ba7 Kd6 40. Bb8+ Kc6 41. Be5 Bb3 42. Bf6 Ba2 43. Bg7 Bb1 44. Bf6 Kd6 45. Bg7 Kc6 46. Bf8 f4 47. Bg7 f3+ 48. Kxf3 Bxd3 49. Bf6 Bxc4 50.
Ke4 Kd6 51. Be5+ Ke6 52. Bc7 Ba2 53. Kd3 Kd5 54. Kc2 c4 55. Kb2 Bb3 56. Ka3 Bd1 57.
Kb4 c3 58. Bf4 Be2 59. Kb3 Ke4 60. Bd6 Kd3 61. Ba3 Bd1+ 62. Kb4 Bf3 63. Kb3 Bd5+ 64. Kb4 Kc2 65. Kc5 d3 66. h5 gxh5 67. g6 fxg6 0-1

[Event "Late-Titled-Tuesday-Blitz-December-26-2023"]
[Site "Chess.com"]
[Date "2023.12.26"]
[Round "3"]
[White "Sanyura"]
[Black "kasparicy"]
[Result "1-0"]
[WhiteElo "2613"]
[BlackElo "2428"]
[TimeControl "180+1"]
[EndTime "14:29:20 PST"]
[Termination "Sanyura won by resignation"]

1. Nf3 Nf6 2. c4 g6 3. b3 c6 4.
Bb2 d5 5. e3 Bg7 6. Nc3 O-O 7.
Be2 a5 8. O-O Re8 9. Rc1 Na6 10.
cxd5 cxd5 11. Ne5 Nb4 12. Bb5 Rf8 13. a3 Qb6 14. Qe2 Nc6 15. Na4 Qd8 16. Bxc6 bxc6 17. Nxc6 Ba6 18. d3 Qd6 19. Nb6 Rae8 20. Bxf6 Bxf6 21. Qf3 Bb2 22. Nxd5 Bxc1 23. Rxc1 Bb7 24.
Ncxe7+ Rxe7 25. Nxe7+ Qxe7 26. Qf4 Rd8 27. e4 Rxd3 28. h3 Qd7 29. Rc7 Rd1+ 30. Kh2 Qd6 31. Qxd6 Rxd6 32. Rxb7 Re6 33. f3 Rc6 34. Rb5 Rc3 35.
Rxa5 Rxb3 36. Ra7 Kg7 37. a4 Kf6 38. Kg3 Rb2 39. a5 h5 40. h4 Ra2 41. Kf4 Rxg2 42.
Ra8 Ra2 43. a6 Ra4 44. Ke3 Ra3+ 45. Ke2 Ra4 46. Kd3 Ra2 47. Kd4 Ra4+ 48. Kc5 Ra1 49. Kb6 Ke5 50. Rf8 Rb1+ 51. Kc7 Ra1 52. Kb7 Kf4 53.
Rxf7+ Kg3 54. a7 Kxh4 55. Rf6 g5 56. Ra6 Rb1+ 57. Kc7 Rc1+ 58. Kd7 Rd1+ 59. Ke7 1-0

[Event "Late-Titled-Tuesday-Blitz-December-26-2023"]
[Site "Chess.com"]
[Date "2023.12.26"]
[Round "3"]
[White "Szparu"]
[Black "grandemestregringo"]
[Result "1-0"]
[WhiteElo "2897"]
[BlackElo "2667"]
[TimeControl "180+1"]
[EndTime "14:29:21 PST"]
[Termination "Szparu won on time"]

1. e4 e5 2. Nf3 Nc6 3. Bb5 f5 4. d3 fxe4 5. dxe4 Nf6 6. O-O Bc5 7. Bxc6 bxc6 8. Nxe5 O-O 9. Nc3 d6 10. Nd3 Bb6 11. Kh1 Ng4 12. Bf4 Nxf2+ 13. Nxf2 Rxf4 14. Nd3 Rh4 15. Qe1 Qg5 16. Rf3 Bg4 17. Rf4 Bh3 18. Qg3 Qxg3 19. hxg3 Rxf4 20. gxf4 Bg4 21. Rf1 Bd4 22. Nd1 Rb8 23. b3 Re8 24. N1f2 Bc8 25. Re1 Bc3 26. Re2 Ba6 27. g3 c5 28. Kg2 c4 29. bxc4 Bxc4 30. a3 Rb8 31. e5 Re8 32.
g4 dxe5 33. fxe5 Bd5+ 34. Kg3 Bd4 35. g5 c6 36. Ng4 Rf8 37. Nf4 Bc4 38. Re4 c5 39. e6 Re8 40. c3 Bxc3 41. Rxc4 Bd4 42. Rc2 Kf8 43. Re2 Ke7 44. Nd5+ Kd6 45. Nf4 c4 46. Kf3 c3 47. Ke4 Kc5 48. Nd3+ Kc4 49. Nge5+ Bxe5 50. Nxe5+ Kb3 51. Kd5 c2 52. Re1 Kb2 53.
Nd3+ Kxa3 54. Kc6 Kb3 55. Kd7 Ra8 56. e7 Kc3 57. Nc1 Kd2 58. Rf1 1-0

[Event "Late-Titled-Tuesday-Blitz-December-26-2023"]
[Site "Chess.com"]
[Date "2023.12.26"]
[Round "3"]
[White "APOKALIPSA13"]
[Black "The_Straightforward_Rook"]
[Result "1-0"]
[WhiteElo "2215"]
[BlackElo "2436"]
[TimeControl "180+1"]
[EndTime "14:29:22 PST"]
[Termination "APOKALIPSA13 won by checkmate"]

1. e4 c6 2. Nf3 d5 3. exd5 cxd5 4.
d4 Nc6 5. c4 Nf6 6. Nc3 a6 7.
cxd5 Nxd5 8. Bc4 Be6 9. Ng5 Nxc3 10. Bxe6 Nxd1 11. Bxf7+ Kd7 12. Be6+ Kc7 13. Bf4+ Kb6 14. Rxd1 Ka7 15. O-O Qa5 16. a3 h6 17. b4 Qxa3 18.
Nf7 g5 19. Bc1 Qxb4 20. Nxh8 Bg7 21. d5 Nd4 22. Nf7 Ne2+ 23. Kh1 Nxc1 24. Rxc1 a5 25. Rb1 Qe4 26. f3 Qd3 27. Rfd1 Qc2 28. d6 exd6 29. Nxd6 Rb8 30. Bf5 Qf2 31. Nb5+ Ka8 32. Nc7+ Ka7 33.
Nb5+ Kb6 34. Nc3+ Kc6 35. Ne4 Bd4 36. Nxf2 Bxf2 37. Be4+ Kc7 38. Rbc1+ Kb6 39. Rd6+ Ka7 40. Ra1 b6 41. Rd7+ Ka6 42. Bd3+ b5 43. Rc1 Rb6 44. Rc8 Rb7 45. Ra8+ Ba7 46. Rxb7 Kxb7 47. Be4+ Kb6 48. Rh8 b4 49. Rxh6+ Kb5 50. Rh5 Be3 51. h4 a4 52.
hxg5 a3 53. g6+ Kc4 54. Bd5+ Kc3 55. g7 b3 56. Bxb3 Kxb3 57. g8=Q+ Kb2 58. Ra5 Bc1 59. Qb8+ Ka1 60. Qb3 Bb2 61. Rxa3+ Bxa3 62. Qxa3+ Kb1 63. g4 Kc2 64. g5 Kd2 65. g6 Ke2 66. g7 Kf2 67. g8=Q Kf1 68. Qg2+ Ke1 69. Qa1# 1-0

[Event "Late-Titled-Tuesday-Blitz-December-26-2023"]
[Site "Chess.com"]
[Date "2023.12.26"]
[Round "3"]
[White "TheSilmarils"]
[Black "djano"]
[Result "1/2-1/2"]
[WhiteElo "2843"]
[BlackElo "2649"]
[TimeControl "180+1"]
[EndTime "14:29:23 PST"]
[Termination "Game drawn - insufficient material"]

1. Nf3 g6 2. d4 Bg7 3. c4 Nf6 4. Nc3 d5 5. Bg5 c5 6. Bxf6 Bxf6 7.
dxc5 Qa5 8. cxd5 O-O 9. Rc1 Qxc5 10. e3 Rd8 11. Be2 Bf5 12. O-O Bxc3 13. Rxc3 Qxd5 14. Qxd5 Rxd5 15. Nd4 Nc6 16. Nxf5 gxf5 17. Bf3 Rd2 18.
Rb3 e6 19. Rc1 Ne5 20. Bxb7 Rad8 21. h3 Nd3 22. Rf1 Rxb2 23. Rd1 Rxb3 24. axb3 Rb8 25. Ba6 Nc5 26. Bc4 a5 27. Rb1 Kf8 28. Kf1 a4 29. b4 Ne4 30. Ke1 Nc3 31. Rc1 Ne4 32. b5 Nd6 33. Bd3 a3 34. Ra1 Nxb5 35. Bxb5 Rxb5 36. Rxa3 Rb2 37. Kf1 Kg7 38. g3 Kf6 39. Kg2 h6 40.
Ra8 Kg7 41. Kf3 Rc2 42. Ra4 Rb2 43. g4 fxg4+ 44. hxg4 Rc2 45. Kg3 Rb2 46. Ra7 Rc2 47.
f4 Rc3 48. Kf3 Rc4 49. Rb7 Rc3 50. Ke4 Rc4+ 51. Kd3 Ra4 52. Rc7 Kf6 53. Ke2 Kg7 54. Kf3 Rb4 55. Rc8 Ra4 56. Re8 Rb4 57. Kf2 Ra4 58.
Rd8 Rb4 59. Rd3 Ra4 60. Rd2 Rb4 61. Kf3 Ra4 62. Rd3 Rb4 63. e4 Ra4 64. e5 Rb4 65.
Rd7 Rb3+ 66. Kg2 Rb4 67. Kg3 Rb3+ 68. Kh4 Rf3 69. Rd4 Kg6 70. Rc4 Kg7 71. g5 hxg5+ 72. Kxg5 Rg3+ 73. Kh4 Rg1 74. Rc3 Kg6 75. Rg3+ Rxg3 76.
Kxg3 Kf5 77. Kf3 f6 78. exf6 Kxf6 79. Ke4 Kf7 80. Ke5 Ke7 81. f5 exf5 82. Kxf5 1/2-1/2

[Event "Late-Titled-Tuesday-Blitz-December-26-2023"]
[Site "Chess.com"]
[Date "2023.12.26"]
[Round "3"]
[White "EsmeraldasAnderson03"]
[Black "karinachess1"]
[Result "0-1"]
[WhiteElo "2400"]
[BlackElo "2564"]
[TimeControl "180+1"]
[EndTime "14:29:23 PST"]
[Termination "karinachess1 won on time"]

1. d4 Nf6 2. c4 e6 3. Nc3 d5 4.
cxd5 exd5 5. Bg5 c6 6. e3 Nbd7 7. Qc2 Be7 8. Bd3 h6 9. Bh4 Nh5 10. Bxe7 Qxe7 11. Nge2 Nb6 12. O-O O-O 13. Rab1 a5 14.
a3 a4 15. Ng3 Nxg3 16. hxg3 h5 17. Ne2 Qg5 18. Nf4 g6 19. Qe2 Kg7 20. Qf3 Bg4 21.
Nh3 Qe7 22. Qf4 Rae8 23. Qg5 Qxg5 24. Nxg5 Nc8 25. Bc2 b5 26. Rbc1 Nd6 27. Bd3 Nc4 28. Rc2 Rh8 29. Nf3 f6 30. Nd2 h4 31. gxh4 Rxh4 32.
Bxc4 bxc4 33. f3 Bf5 34. Rc3 Rb8 35. e4 Be6 36. Rc2 Rbh8 37. Kf2 Rb8 38. Re1 Kf7 39.
Nb1 Rhh8 40. Nc3 Ra8 41. Rce2 Rhe8 42. g4 g5 43. e5 Rh8 44. Kg3 Rae8 45. Nxa4 f5 46.
gxf5 Bxf5 47. Rh2 Rxh2 48. Kxh2 Rh8+ 49. Kg2 Bg6 50. Rh1 Rb8 51. Re1 Bc2 52. Nc5 Rxb2 53.
Re2 c3 54. e6+ Ke7 55. Kf2 Bd1 56. Rxb2 cxb2 57. Na4 b1=Q 58. Nc3 Qc2+ 59. Kg3 Qxc3 0-1

[Event "Late-Titled-Tuesday-Blitz-December-26-2023"]
[Site "Chess.com"]
[Date "2023.12.26"]
[Round "3"]
[White "Mystery2007"]
[Black "topce"]
[Result "1-0"]
[WhiteElo "2587"]
[BlackElo "2410"]
[TimeControl "180+1"]
[EndTime "14:29:24 PST"]
[Termination "Mystery2007 won by resignation"]

1. b3 a5 2. Bb2 a4 3. c4 axb3 4. axb3 Rxa1 5. Bxa1 c5 6. e3 Nc6 7. Nf3 d6 8. Be2 Nf6 9. O-O e5 10. d4 e4 11. Nfd2 Bf5 12. d5 Nb4 13. Nc3 Be7 14. Qb1 O-O 15. Ndxe4 Nxe4 16. Nxe4 Bxe4 17. Qxe4 Bf6 18. h3 Re8 19. Qf5 Bxa1 20. Rxa1 g6 21.
Qf4 Na6 22. h4 f5 23. h5 Qf6 24. Rb1 g5 25. Qf3 Kg7 26. Bd3 Re5 27. g4 f4 28.
Rf1 Nb4 29. Bb1 fxe3 30. fxe3 Qxf3 31. Rxf3 h6 32. Kf2 Re7 33. Rf5 Rf7 34. Kf3 Rxf5+ 35.
Bxf5 Kf6 36. Bc8 b6 37. Bf5 Na2 38. Bc2 Nb4 39. Bb1 Na6 40. Ke4 Nb8 41. Kd3 Nd7 42. Kc3 Ne5 43. Bf5 Nf3 44. b4 Ke5 45. bxc5 bxc5 46.
Kb3 Nd2+ 47. Kc3 Nf3 48. Be6 Nh2 49. Kb3 Nf3 50. Ka4 Nd2 51. Kb5 Ne4 52. Bf5 Nd2 53.
e4 Nf3 54. Kc6 Nd4+ 55. Kd7 Nxf5 56. exf5 Kf4 57. f6 Kxg4 58. f7 Kh3 59. f8=Q g4 60.
Qxd6 g3 61. Qxh6 g2 62. Qg5 Kh2 63. Qxg2+ Kxg2 64. h6 Kf3 65. h7 Ke4 66. h8=Q Kd3 67. Kc6 Kxc4 68. d6 Kb4 69. d7 c4 70. Qd4 Kb3 71. d8=Q c3 72. Q8b6+ Kc2 73. Qbb4 Kc1 74. Qbxc3+ 1-0

[Event "Late-Titled-Tuesday-Blitz-December-26-2023"]
[Site "Chess.com"]
[Date "2023.12.26"]
[Round "3"]
[White "greekplayer1"]
[Black "frederiksvane"]
[Result "0-1"]
[WhiteElo "2716"]
[BlackElo "2976"]
[TimeControl "180+1"]
[EndTime "14:29:26 PST"]
[Termination "frederiksvane won by resignation"]

1. e4 e5 2. Nf3 Nc6 3. d4 exd4 4.
Nxd4 Qf6 5. Nf3 Bb4+ 6. Nbd2 Nge7 7. c3 Bc5 8. Nc4 d6 9. Bd3 Bg4 10. h3 Bxf3 11. Qxf3 Qxf3 12. gxf3 a5 13. a4 O-O 14. Rg1 Rae8 15. h4 Kh8 16. h5 f5 17. h6 g6 18. Be3 fxe4 19. fxe4 Bxe3 20. Nxe3 Ne5 21.
Be2 Rf4 22. Ng4 Nxg4 23. Rxg4 Rxg4 24. Bxg4 Ng8 25. f3 Nxh6 26. Bh3 Kg7 27. b4 Re5 28. Kf2 b6 29. Rb1 Ng8 30. Bd7 Nf6 31. Bb5 g5 32.
bxa5 bxa5 33. Bc6 Rc5 34. Bb7 h5 35. Bc8 Kf7 36. Bf5 Rc4 37. Rb7 g4 38. fxg4 hxg4 39. Kg3 Rxc3+ 40. Kf4 g3 41. Bh3 Ke7 42. Rb5 Rc4 43.
Rxa5 Nxe4 44. Ra8 Nf2+ 45. Kxg3 Nxh3 46. Kxh3 c5 47. a5 Ra4 48. Kg3 Kd7 49. Kf3 Kc6 50. Ke3 Kb5 51. Rd8 Rd4 52. Ra8 Kc4 53. a6 Rd3+ 54.
Ke4 d5+ 55. Ke5 Re3+ 56. Kd6 Ra3 57. a7 d4 58. Ke5 Kd3 59. Kd5 c4 60. Ke5 c3 61.
Kf4 c2 62. Rc8 Rxa7 0-1

[Event "Late-Titled-Tuesday-Blitz-December-26-2023"]
[Site "Chess.com"]
[Date "2023.12.26"]
[Round "3"]
[White "bazar-wokzal"]
[Black "Rakitic2010"]
[Result "0-1"]
[WhiteElo "2644"]
[BlackElo "2527"]
[TimeControl "180+1"]
[EndTime "14:29:27 PST"]
[Termination "Rakitic2010 won on time"]

1. e4 Nf6 2. e5 Nd5 3. d4 d6 4. c4 Nb6 5. f4 g5 6. fxg5 Bg7 7. Nf3 Bg4 8. Nc3 Nc6 9. e6 O-O 10.
exf7+ Rxf7 11. Be2 Bxf3 12. Bxf3 Nxd4 13. O-O e5 14.
Bxb7 Rxf1+ 15. Qxf1 Rb8 16. Be4 Qd7 17. Be3 Rf8 18.
Qd3 Qg4 19. Bxh7+ Kh8 20. Be4 c6 21. Rf1 Rxf1+ 22. Qxf1 d5 23. cxd5 cxd5 24. h3 Qg3 25.
Bf2 Qxg5 26. Nxd5 Nc8 27. Be3 Qh4 28. Nc3 Nd6 29. Bd5 N6f5 30. Bf2 Qg5 31. Qd3 Qc1+ 32. Kh2 Qf4+ 33. Bg3 Qg5 34. Ne4 Qg6 35. Nc5 Qd6 36. Be4 Nxg3 37. Qxg3 Qxc5 38. Qh4+ Kg8 39. Qh7+ Kf8 40. Qg6 Qe7 41. Qg4 Qe6 42. Qg5 Qf6 43. Qg4 Qf4+ 44. Qxf4+ exf4 45. b4 Be5 46. a4 Bd6 47. b5 Bc7 48. Kg1 Ke7 49. Kf2 Kf6 50.
h4 Ke5 51. Bd3 Kd5 52. h5 Kc5 53. h6 Kb4 54. h7 Be5 55. Ke1 Kxa4 56. Kd2 Kb4 57.
Bf1 Nxb5 58. Kd3 Nd6 59. Ke2 a5 60. Kf3 a4 61. Bd3 a3 62. Bb1 Kb3 0-1

[Event "Late-Titled-Tuesday-Blitz-December-26-2023"]
[Site "Chess.com"]
[Date "2023.12.26"]
[Round "3"]
[White "rrgchessmaster05"]
[Black "SEBAZZANO"]
[Result "1-0"]
[WhiteElo "2520"]
[BlackElo "2273"]
[TimeControl "180+1"]
[EndTime "14:29:27 PST"]
[Termination "rrgchessmaster05 won on time"]

1. d4 Nf6 2. Nf3 g6 3. c4 c5 4. d5 e6 5. Nc3 exd5 6. cxd5 d6 7. h3 Bg7 8. e4 O-O 9. Be2 b5 10. Bxb5 Nxe4 11. Nxe4 Qa5+ 12. Nfd2 Qxb5 13. Nxd6 Qa6 14. N6c4 Re8+ 15. Kf1 Nd7 16. Kg1 Nf6 17. d6 Be6 18. Qf1 Ne4 19. f3 Ng3 20. Qd3 Bd4+ 21. Kh2 Nxh1 22. Kxh1 Bxc4 23. Nxc4 Re1+ 24. Kh2 Rd8 25. Bg5 Rxd6 26. Rxe1 Be5+ 27. Nxe5 Rxd3 28. Nxd3 Qxd3 29. Bf6 Qd6+ 30. Be5 Qd2 31. Bc3 Qd6+ 32. Kh1 f6 33. a3 Kf7 34. Kg1 c4 35. Re2 g5 36.
Rd2 Qg3 37. Re2 Qd6 38. Re4 Kg6 39. Rd4 Qa6 40. Kh1 Qe6 41. Re4 Qd5 42. Rd4 Qe6 43. a4 h5 44. a5 f5 45. Bb4 Kf7 46. Bc3 g4 47. hxg4 hxg4 48. fxg4 fxg4 49. Kg1 Qe2 50. Rf4+ Kg6 51. Rf2 Qe3 52. Kf1 Qc1+ 53. Ke2 Qc2+ 54.
Ke3 Qd3+ 55. Kf4 Kh5 56. Rd2 Qf1+ 57. Ke5 Qe1+ 58. Kd4 Qe6 59. Kc5 Qe5+ 60. Rd5 1-0

[Event "Late-Titled-Tuesday-Blitz-December-26-2023"]
[Site "Chess.com"]
[Date "2023.12.26"]
[Round "3"]
[White "Alexander_Khlebovich"]
[Black "BogdanDeac"]
[Result "1/2-1/2"]
[WhiteElo "2760"]
[BlackElo "3017"]
[TimeControl "180+1"]
[EndTime "14:29:31 PST"]
[Termination "Game drawn by repetition"]

1. d4 Nf6 2. c4 e6 3. Nf3 d5 4. g3 dxc4 5. Bg2 Bd7 6. Ne5 Bc6 7.
Nxc6 Nxc6 8. Qa4 Qd7 9. O-O Nxd4 10. Qxc4 b5 11. Qd3 Rd8 12. Be3 c5 13. Bxd4 cxd4 14. Rc1 Nd5 15. Qxd4 Be7 16. Bxd5 Qxd5 17. Qxg7 Qd4 18.
Qxd4 Rxd4 19. Rc8+ Rd8 20. Rxd8+ Kxd8 21. Nc3 a6 22. Rc1 f5 23. e3 Bf6 24. Kf1 Kd7 25. Nd1 h5 26. h4 e5 27. Ke2 Kd6 28. Nc3 e4 29. Rc2 Be5 30. Rd2+ Ke6 31. Rc2 Rc8 32. Kd1 Rd8+ 33. Kc1 Rb8 34. Ne2 Kd6 35. Rd2+ Ke6 36. Nd4+ Bxd4 37. Rxd4 Rc8+ 38. Kd2 a5 39. b3 Rb8 40. a3 Rc8 41. f3 exf3 42. Rf4 Rd8+ 43. Kc2 Rc8+ 44. Kd2 Rd8+ 45. Kc2 Rc8+ 46. Kb2 b4 47.
axb4 axb4 48. e4 fxe4 49. Rxe4+ Kd5 50. Rf4 Rc3 51. Rxb4 f2 52. Rf4 Rxg3 53. Rxf2 Ke6 54. b4 Rg4 55. Kb3 Rxh4 56. b5 Rh1 57. Rb2 Kd7 58.
Kb4 Kc7 59. Rc2+ Kb7 60. Rc6 h4 61. Rh6 h3 62. Kb3 h2 63. Kb2 Kc7 64. Ka2 Kd7 65.
Kb2 Kc7 66. Ka2 Kb7 67. Kb2 Kc7 1/2-1/2

[Event "Late-Titled-Tuesday-Blitz-December-26-2023"]
[Site "Chess.com"]
[Date "2023.12.26"]
[Round "3"]
[White "Sacbutt"]
[Black "YurasovMat-2012"]
[Result "1/2-1/2"]
[WhiteElo "2356"]
[BlackElo "2537"]
[TimeControl "180+1"]
[EndTime "14:29:39 PST"]
[Termination "Game drawn - insufficient material"]

1. e4 e5 2. Nf3 Nf6 3. Nxe5 d6 4.
Nf3 Nxe4 5. d4 d5 6. Bd3 Bd6 7. O-O O-O 8. Re1 Bf5 9. c4 c6 10. Nc3 Nxc3 11. bxc3 Bxd3 12. Qxd3 dxc4 13. Qxc4 Nd7 14.
Rb1 Qc7 15. Bg5 Rfe8 16. Bh4 Nb6 17. Qb3 c5 18. Bg3 Bxg3 19. hxg3 Rac8 20. Ne5 h6 21. Nc4 Rxe1+ 22. Rxe1 Nd5 23. Ne5 c4 24. Qa3 a6 25.
Qb2 b5 26. Qc2 Re8 27. a4 Qa5 28. axb5 axb5 29. Rc1 Qc7 30. Qf5 Nf6 31. Rb1 Rb8 32.
Nf3 Qa5 33. Qe5 Re8 34. Qxb5 Qxc3 35. Ne5 Qxd4 36. Nxc4 Re2 37. Ne3 Qd2 38. Qb8+ Kh7 39. Qf4 Re1+ 40. Rxe1 Qxe1+ 41. Kh2 Qc1 42. Qf5+ Kg8 43.
Qf4 Qd2 44. Kg1 Qe1+ 45. Kh2 Qe2 46. Kg1 Qh5 47. Qb8+ Kh7 48. Qf4 Qe2 49. Qf5+ Kg8 50. Qf4 Qe1+ 51. Kh2 Qa5 52. Qb8+ Kh7 53. Qf4 Qh5+ 54.
Kg1 Qg6 55. Qf5 Qxf5 56. Nxf5 g5 57. Nd6 Kg6 58. f3 Nd5 59. g4 h5 60. gxh5+ Kg7 61. h6+ Kg6 62. h7 Kxh7 63. Nxf7 Kg6 64. Nxg5 Kxg5 65.
Kf2 Nf4 66. g3 Ng6 67. Ke3 Kf5 68. Kd4 Ne5 69. f4 Ng6 70. Ke3 Kg4 71. Kf2 Nxf4 72. gxf4 Kxf4 1/2-1/2

[Event "Late-Titled-Tuesday-Blitz-December-26-2023"]
[Site "Chess.com"]
[Date "2023.12.26"]
[Round "3"]
[White "IngOscarArdila"]
[Black "katharinareinecke"]
[Result "1/2-1/2"]
[WhiteElo "2322"]
[BlackElo "2014"]
[TimeControl "180+1"]
[EndTime "14:29:39 PST"]
[Termination "Game drawn by repetition"]

1. d4 d5 2. c4 c6 3. Nc3 Nf6 4. Nf3 e6 5. Bf4 Bd6 6. Bg5 Be7 7. e3 O-O 8. Qc2 h6 9. Bh4 a6 10. Bd3 dxc4 11. Bxc4 b5 12. Bd3 c5 13.
Bxf6 Bxf6 14. Be4 Ra7 15. dxc5 b4 16. Ne2 Bb7 17. O-O Bxe4 18. Qxe4 Bxb2 19. Rab1 Bc3 20. Nxc3 bxc3 21. Rfc1 Qa5 22. Qb4 Qxa2 23. Qxc3 Nc6 24. Rb6 Rc8 25. Ra1 Qd5 26. h3 a5 27. Nd4 Nxd4 28. exd4 a4 29. Qb4 e5 30. Rd6 Qe4 31. Re1 Rb7 32. Qa5 Qc2 33. Rd8+ Rxd8 34. Qxd8+ Kh7 35. dxe5 Rb1 36. Rxb1 Qxb1+ 37. Kh2 a3 38. c6 a2 39. c7 a1=Q 40. c8=Q Qg1+ 41. Kg3 Qa3+ 42. f3 Qe1+ 43. Kh2 Qac1 44. Qd3+ g6 45. Qg4 Qxe5+ 46. Qg3 Qxg3+ 47. Kxg3 Qc7+ 48. Kf2 Qe7 49. Qd5 Qa7+ 50. Kg3 Qe7 51. Kh2 Qc7+ 52. Kg1 Qe7 53. Qc6 h5 54. Kh2 Kh6 55. f4 Kh7 56. Qd5 Kh6 57.
Kg3 Kh7 58. h4 Qe3+ 59. Qf3 Qxf3+ 60. Kxf3 Kg7 61. Ke4 Kf6 62. g3 Ke6 63. Kd3 Kf5 64. Ke2 Kg4 65. Kf2 f6 66. Kg2 f5 67. Kf2 Kh3 68.
Kf3 Kh2 69. Kf2 Kh3 70. Kf3 Kh2 71. Kf2 Kh3 1/2-1/2

[Event "Late-Titled-Tuesday-Blitz-December-26-2023"]
[Site "Chess.com"]
[Date "2023.12.26"]
[Round "3"]
[White "DmitryMaximov"]
[Black "DanielNaroditsky"]
[Result "1/2-1/2"]
[WhiteElo "2761"]
[BlackElo "3107"]
[TimeControl "180+1"]
[EndTime "14:29:47 PST"]
[Termination "Game drawn by repetition"]

1. e4 c5 2. Nf3 d6 3. Bb5+ Nd7 4. O-O a6 5. Bd3 Ngf6 6. Re1 g6 7. Bf1 Bg7 8. c3 O-O 9. d4 cxd4 10. cxd4 b5 11. e5 Nd5 12. exd6 exd6 13. Nc3 Bb7 14. Ne4 N7f6 15. Bg5 h6 16. Nxf6+ Nxf6 17. Bh4 Qd7 18. a4 Nd5 19. Bg3 Bc6 20. axb5 axb5 21. Qb3 Nf6 22. Nh4 Kh7 23. Rxa8 Rxa8 24. Bd3 Re8 25. Rc1 Be4 26. Bxb5 Rb8 27. Bxd7 Rxb3 28. Ba4 Rb4 29. b3 Rxd4 30.
h3 Nd5 31. Kh2 Be5 32. Bc6 Nf6 33. Nf3 Bxg3+ 34. fxg3 Rb4 35. Bxe4 Nxe4 36. Rc4 Rxc4 37.
bxc4 f5 38. g4 fxg4 39. hxg4 Kg7 40. Kg1 Kf6 41. Kf1 Ng5 42. Ke2 Ne6 43. Ke3 g5 44.
Ke4 Nf4 45. g3 Nh3 46. Kd5 Ke7 47. c5 dxc5 48. Ne5 Nf2 49. Kxc5 Ke6 50. Kd4 Nh1 51. Ke4 Nxg3+ 52. Kd4 Ne2+ 53. Ke4 Nc3+ 54. Kd4 Nb5+ 55.
Ke4 Nd6+ 56. Kd4 Ne8 57. Ke4 Nf6+ 58. Kd4 Nh7 59. Ke4 Nf8 60. Kd4 Kf6 61. Ke4 Ne6 62.
Nd3 Nd8 63. Nb4 Ke6 64. Nd5 Nf7 65. Ne3 Nd6+ 66. Kd4 Kf6 67. Kd5 Nf7 68. Ke4 Kg6 69. Kd5 Kf6 70. Ke4 Ne5 71. Nd5+ Ke6 72. Nc7+ Kd6 73.
Nb5+ Ke6 74. Nc7+ Kf6 75. Nd5+ Ke6 76. Nc7+ 1/2-1/2

[Event "Late-Titled-Tuesday-Blitz-December-26-2023"]
[Site "Chess.com"]
[Date "2023.12.26"]
[Round "3"]
[White "SmirnovTimofey2000"]
[Black "egnfanclub"]
[Result "0-1"]
[WhiteElo "2010"]
[BlackElo "2335"]
[TimeControl "180+1"]
[EndTime "14:29:47 PST"]
[Termination "egnfanclub won on time"]

1. d4 d5 2. Bf4 Nc6 3. Nc3 Bf5 4.
e4 e6 5. exf5 exf5 6. Qe2+ Be7 7. Nf3 Nf6 8. O-O-O O-O 9. Ne5 Re8 10. Nxc6 bxc6 11. Be5 Bb4 12. Qd3 Ne4 13. Nxe4 fxe4 14.
Qg3 f6 15. Bxc7 Qe7 16. Bf4 Qb7 17. Bd2 Bf8 18. Qb3 Qd7 19. Bf4 g5 20. Bg3 Bg7 21.
Ba6 f5 22. Be5 Bxe5 23. dxe5 Rxe5 24. Qb7 Rd8 25. Qxd7 Rxd7 26. a3 c5 27. Bc4 Kg7 28. Rd2 f4 29. Rhd1 d4 30. Re1 Rde7 31. Rde2 h5 32. f3 e3 33. Bd3 g4 34. Be4 Rxe4 35. fxe4 f3 36. gxf3 gxf3 37. Rg1+ Kf6 38. Rf1 f2 39. c3 Rxe4 40. cxd4 cxd4 41. Kc2 Ke5 42. Kd3 Rf4 43. Rc2 Kd5 44. b4 Rg4 45. Rc5+ Kd6 46.
Rcc1 Kd5 47. Rc5+ Kd6 48. Ke2 Rg1 49. Rcc1 Rg2 50. Rcd1 Ke5 51. Kf3 Rg4 52. h3 Rh4 53. Rh1 Re4 54. Ke2 Kf4 55. Rd3 Ke5 56. Rf1 Rh4 57.
Rh1 Ke4 58. a4 Ke5 59. b5 Rf4 60. a5 Kd5 61. Rhd1 Kc5 62. b6 axb6 63. axb6 Kxb6 64. Rxd4 f1=Q+ 0-1

[Event "Late-Titled-Tuesday-Blitz-December-26-2023"]
[Site "Chess.com"]
[Date "2023.12.26"]
[Round "3"]
[White "enriquetejedor"]
[Black "koncheto"]
[Result "1/2-1/2"]
[WhiteElo "2751"]
[BlackElo "2533"]
[TimeControl "180+1"]
[EndTime "14:29:52 PST"]
[Termination "Game drawn - insufficient material"]

1. d4 Nf6 2. c4 e6 3. Nf3 c5 4. e3 cxd4 5. exd4 d5 6. Nc3 Be7 7. Bd3 dxc4 8. Bxc4 O-O 9. O-O Nc6 10. a3 b6 11. Bf4 Bb7 12. Re1 Na5 13. Ba2 Nd5 14.
Bd2 Rc8 15. Qe2 Nxc3 16. Bxc3 Bd5 17. Bxa5 bxa5 18. Bxd5 Qxd5 19. Rac1 Bf6 20. Rcd1 Rc4 21. Rd2 Rfc8 22. Red1 g6 23. h3 Kg7 24. Qd3 a4 25. Qe2 Rc1 26. Rxc1 Rxc1+ 27. Kh2 h5 28. h4 Qd6+ 29.
g3 Qc6 30. d5 exd5 31. Nd4 Qd6 32. Kg2 Rc4 33. Qxc4 dxc4 34. Nf5+ gxf5 35. Rxd6 Bxb2 36.
Rc6 c3 37. Kf3 Bxa3 38. Rxc3 Bb2 39. Rc4 a3 40. Ra4 Kf6 41. Rxa7 Ke5 42. Ra4 Kd5 43. Kf4 Ke6 44. Ra6+ Kd5 45. Kxf5 Kc4 46. Kg5 Kb3 47.
Kxh5 a2 48. Rxa2 Kxa2 49. Kg5 Kb3 50. h5 Kc4 51. Kf5 Kd5 52. f4 Kd6 53. g4 Ke7 54. g5 Kf8 55. h6 Bc1 56. Kg4 Kg8 57. Kf5 Bd2 58. Ke4 Kh7 59. Kf5 Bc1 60. Kg4 Kg6 61. f5+ Kh7 62. Kh5 Bd2 63. Kh4 Be1+ 64. Kg4 Kg8 65.
Kh5 Bd2 66. Kg4 Kf8 67. Kh4 Be1+ 68. Kh5 Bd2 69. f6 Kg8 70. g6 fxg6+ 71. Kxg6 Bxh6 72. Kxh6 Kf7 73. Kg5 Kf8 74. Kg4 Kf7 75. Kf5 Kf8 76. Ke5 Kf7 77. Kf4 Kxf6 1/2-1/2

[Event "Late-Titled-Tuesday-Blitz-December-26-2023"]
[Site "Chess.com"]
[Date "2023.12.26"]
[Round "3"]
[White "staz_staz"]
[Black "PushingpawnsNYC"]
[Result "0-1"]
[WhiteElo "2253"]
[BlackElo "2496"]
[TimeControl "180+1"]
[EndTime "14:29:53 PST"]
[Termination "PushingpawnsNYC won by resignation"]

1. d4 e6 2. Nf3 d5 3. c4 Nf6 4. Bg5 Be7 5. Nc3 O-O 6. e3 Nbd7 7. Bd3 dxc4 8. Bxc4 c5 9. O-O b6 10. Rc1 Bb7 11.
Qe2 Ne4 12. Bf4 Ndf6 13. Rfd1 Nxc3 14. bxc3 Qc8 15. Bd3 Ne4 16. Ne5 f5 17. f3 Nf6 18.
e4 fxe4 19. fxe4 Nxe4 20. Bxe4 Rxf4 21. Bxb7 Qxb7 22. Rf1 Raf8 23. Rxf4 Rxf4 24. Rf1 Rf6 25. Qh5 g6 26. Qh3 Qd5 27. Qe3 cxd4 28. cxd4 Rxf1+ 29.
Kxf1 Bf6 30. Nf3 Qxa2 31. h3 Qb1+ 32. Kf2 Qf5 33. Kg1 Qd5 34. g4 b5 35. g5 Bg7 36.
Qf4 b4 37. Qb8+ Bf8 38. Qf4 Qf5 39. Qe3 Qb1+ 40. Kg2 Qa2+ 41. Kg3 Qd5 42. Qf4 Bd6 43. Ne5 Bxe5 44. dxe5 b3 45. Qb4 Qd3+ 46. Kf2 Qc2+ 47. Ke3 Qc1+ 48. Kd3 b2 49. Qb8+ Kf7 50. Qb7+ Ke8 51.
Qb8+ Kd7 52. Qb7+ Kd8 53. Qb8+ Kd7 54. Qb7+ Qc7 55. Qxb2 Qb6 56. Qc3 Qb5+ 57. Ke4 a5 58. Qd4+ Ke8 59. Qd6 Qb7+ 60. Ke3 Qb3+ 61. Ke4 a4 62.
Qc6+ Kd8 63. Qd6+ Kc8 64. Qc6+ Kb8 65. Qd6+ Ka7 66. Qc7+ Ka6 67. Qc8+ Ka5 68. Qc7+ Kb4 69. Qb6+ Ka3 70. Qc5+ Ka2 71. Qa5 a3 72. Kd4 Qb2+ 73. Kc5 Kb1 74. Qe1+ Qc1+ 75. Qxc1+ Kxc1 0-1